 Dungeon Crawl Stone Soup version 0.31-a0-321-g19405a7a6a (webtiles) character file.

Game seed: 11446050901703859134

28 cforsyth the Changeling (level 3, 0/28 HPs)
             Began as a Vampire Shapeshifter on July 18, 2023.
             Killed from afar by Natasha (5 damage)
             ... with a magic dart
             ... on level 2 of the Dungeon.
             The game lasted 00:01:13 (1197 turns).

cforsyth the Changeling (Vampire Shapeshifter)      Turns: 1197, Time: 00:01:14

Health: 0/28       AC: 10    Str: 16    XL:     3   Next: 0%
Magic:  3/3        EV:  5    Int: 10    God:
Gold:   69         SH:  0    Dex: 14    Spells: 2/2 levels left

rFire   . .          .
                       - Unarmed
rCold   . . .        (no shield)
rNeg    . . .        j - +0 plate armour
rPois   .            (helmet currently unavailable)
rElec   .            (cloak currently unavailable)
rCorr   .            (gloves currently unavailable)
SInv    +            (boots currently unavailable)
Will    .....        (no amulet) Stlth
                     (no ring)
HPRegen 0.44/turn    (no ring)
MPRegen 0.08/turn

%: no passive effects
@: beast-form, healing quickly
A: beast (slay +2), alive, fangs 3, see invisible, vampiric 2
a: Exsanguinate, Begin Untransformation


You were on level 2 of the Dungeon.
You were a hulking beast.
You visited 1 branch of the dungeon, and saw 2 of its levels.

You collected 69 gold pieces.

Inventory:

Armour
 a - a +0 animal skin
 j - a +0 plate armour (worn)
Talismans
 c - a beast talisman
 l - a talisman of death
Scrolls
 d - a scroll of identify {unknown}
 e - a scroll of fog {unknown}
 f - a scroll of brand weapon {unknown}
 g - 3 scrolls of revelation {unknown}
 h - a scroll of enchant armour {unknown}
 k - a scroll of teleportation {unknown}
Potions
 b - a potion of lignification
 i - a potion of curing {unknown}


   Skills:
 + Level 2.3 Fighting
 - Level 2.1 Dodging
 + Level 2.8 Unarmed Combat
 + Level 3.6 Shapeshifting


You had 2 spell levels left.
You didn't know any spells.
Your spell library was empty.

Dungeon Overview and Level Annotations

Branches:
Dungeon (2/15)

Altars:

Annotations:
D:2 Natasha


Innate Abilities, Weirdness & Mutations

You are a hulking beast.
Your limbs bulge with bestial killing power. (Slay +2)
Your natural rate of healing is accelerated.
You have razor-sharp teeth.
You have supernaturally acute eyesight. (SInv)
You are afflicted with vampirism and can become a bat while bloodless.


Message History

Natasha is moderately wounded.
The cerulean imp hits you from afar with a +2 spear.
Natasha claws you but does no damage.
You closely miss Natasha. Your bite misses Natasha.
Natasha is moderately wounded.
The cerulean imp hits you but does no damage.
Natasha claws you.
You closely miss Natasha.
Natasha is moderately wounded.
The cerulean imp completely misses you. Natasha barely misses you.
You hit Natasha.
Natasha is moderately wounded.
The endoplasm hits you but does no damage.
The cerulean imp hits you but does no damage.
Natasha claws you.
You hit Natasha. Your bite misses Natasha.
Natasha is severely wounded.
The endoplasm freezes you.
You are frozen.
The cerulean imp hits you from afar with a +2 spear.
Natasha claws you.
You are too injured to fight recklessly!
You are too injured to fight recklessly!
You barely miss Natasha.
Natasha is severely wounded.
The endoplasm freezes you.
You are frozen.
The cerulean imp hits you from afar with a +2 spear.
* * * LOW HITPOINT WARNING * * *
Natasha wildly gestures.
You feel disoriented. Natasha claws you.
* * * LOW HITPOINT WARNING * * *
You closely miss Natasha.
Natasha is severely wounded.
The endoplasm hits you but does no damage.
The cerulean imp hits you but does no damage.
Natasha stares at you and mumbles some strange words.
The magic dart hits you.
You die...

#...........#
#...........#
#...........#
#...........#
#...........#
##...........#
.....5h......#
......Jh.....#
.............####
.#..............#
...########.....#
##..... #.....#
..... #.....#
....####.....#
#...........#
+......†#####


You could see Natasha, a cerulean imp (summoned) and an endoplasm.

Vanquished Creatures
  A worm (D:2)
  2 ball pythons (D:1)
  An endoplasm (D:1)
  2 giant cockroaches (D:2)
  3 goblins (D:1)
  4 hobgoblins (D:1)
  A kobold (D:1)
  A quokka (D:2)
  4 bats
  4 rats
23 creatures vanquished.

Notes
Turn   | Place    | Note
-------+----------+-------------------------------------------
     0 | D:1      | cforsyth the Vampire Shapeshifter began the quest for the
                  | Orb.
     0 | D:1      | Reached XP level 1. HP: 16/16 MP: 1/1
   232 | D:1      | Reached XP level 2. HP: 22/22 MP: 2/2
  1178 | D:2      | Gained mutation: You are afflicted with vampirism and can
                  | become a bat while bloodless. [Vampire growth]
  1178 | D:2      | Reached XP level 3. HP: 28/28 MP: 3/3
  1186 | D:2      | Noticed Natasha
  1197 | D:2      | Killed from afar by Natasha

Illustrated notes

Levels and vault maps discovered:
D:1:      dpeg_arrival_morbid_curiosity, layout_basic, minivault_25,
          hangedman_decor_peaks_small
D:2:      layout_basic, serial_shops, nicolae_diamond_shop, basic_altar,
          uniq_natasha

Skill      XL: |  1 |
---------------+----+-----
Fighting       | 2 |  2.3
Dodging        | |  2.1
Unarmed Combat | |  2.8
Shapeshifting  | |  3.6

Action                     || total
---------------------------++-------
  Melee: Unarmed           ||    77
         Bite              ||     4
   Stab: Sleeping          ||     1
 Armour: Animal skin       ||    10
         Plate armour      ||    42
  Dodge: Dodged            ||    38

Table legend: (Time is in decaauts)
 A = Elapsed time spent in this place.
 B = Non-inter-level travel time spent in this place.
 C = Inter-level travel time spent in this place.
 D = Time resting spent in this place.
 E = Time spent auto-exploring this place.
 F = Levels seen in this place.
 G = Mean time per level.
                   A        B        C        D        E       F      G
               +--------+--------+--------+--------+--------+-----+--------+
         Total |   1192 |   1077 |    115 |      0 |    871 |   2 |  596.0 |
       Dungeon |   1192 |   1077 |    115 |      0 |    871 |   2 |  596.0 |
               +--------+--------+--------+--------+--------+-----+--------+

Top non-repeatable levels by time:
     D:1: 996 daAuts
     D:2: 195 daAuts
